[Event "Titled Tuesday Blitz May 10 Early 2022"]
[White "Gatterer, Florian"]
[Black "Gurevich, Dmitry"]
[WhiteFideId "811688"]
[BlackFideId "2000407"]
[WhiteElo "2218"]
[BlackElo "2506"]
[Result "1/2-1/2"]
[Round "02"]
[TimeControl "180+1"]
[Date "2022.05.11"]
[WhiteClock "0:00:15"]
[BlackClock "0:00:47"]

1. c4 e6 2. Nf3 d5 3. e3 Nf6 4. Nc3 c5 5. cxd5 Nxd5 6. Nxd5 Qxd5 7. b3 Be7 8. Bb2 O-O 9. Bc4 Qd6 10. Qe2 Nc6 11. O-O a6 12. d4 cxd4 13. Nxd4 Nxd4 14. Bxd4 b5 15. Bd3 Bb7 16. Rac1 Rac8 17. Bb1 Qd5 18. f3 g6 19. Rfd1 Qh5 20. Ba1 Rxc1 21. Rxc1 Rc8 22. Rxc8+ Bxc8 23. Qb2 f6 24. Qc3 Bd7 25. Qc7 Qd5 26. Bd4 e5 27. Be4 Qd6 28. Qxd6 Bxd6 29. Bd5+ Kf8 30. Bb6 b4 31. Bc4 Bc8 32. h3 h5 33. Kf2 h4 34. Ke2 Ke7 35. Bd5 Bd7 36. Kd3 f5 37. e4 fxe4+ 38. fxe4 Bb5+ 39. Bc4 Kd7 40. Bxb5+ axb5 41. Be3 Be7 42. Bd2 Ke6 43. Be3 Kf6 44. Bf2 g5 45. Be3 Kg6 46. Bf2 g4 47. Be3 Kh5 48. Bd2 Bd6 49. Be1 Bc5 50. Bd2 g3 51. Ke2 Be7 52. Kf3 Bd6 53. Be1 Be7 54. Bd2 Bd6 55. Be1 Be7 56. Bd2 1/2-1/2


[Site "https://www.chess.com"]

[Event "Titled Tuesday Blitz May 10 Early 2022"]
[White "Gharibyan, Mamikon"]
[Black "Mortazavi, Ali"]
[WhiteFideId "13308300"]
[BlackFideId "401323"]
[WhiteElo "2254"]
[BlackElo "2339"]
[Result "1-0"]
[Round "02"]
[TimeControl "180+1"]
[Date "2022.05.11"]
[WhiteClock "0:00:11"]
[BlackClock "0:00:10"]

1. c4 Nf6 2. Nc3 g6 3. d4 d6 4. e4 Bg7 5. Nf3 O-O 6. Be2 Bg4 7. O-O Nbd7 8. h3 Bxf3 9. Bxf3 e5 10. d5 a5 11. g3 Ne8 12. h4 f5 13. h5 Nc5 14. Kg2 Nf6 15. Be3 Ncxe4 16. Bxe4 fxe4 17. h6 Bh8 18. Bg5 Qd7 19. Bxf6 Rxf6 20. Nxe4 Rf5 21. c5 Raf8 22. cxd6 cxd6 23. Qe2 Bf6 24. Rac1 Bd8 25. Rc3 Bb6 26. Rcc1 Bd4 27. g4 Rf4 28. f3 a4 29. Rc2 b6 30. b4 axb3 31. axb3 Bc5 32. Rc4 Qb5 33. Qd3 Qd7 34. b4 Bd4 35. Rc6 Rxe4 36. Qxe4 Qa7 37. Rfc1 Qa2+ 38. R6c2 Qb3 39. g5 Qxb4 40. Qg4 Qb3 41. Qe6+ Kh8 42. Qf6+ Kg8 43. Qg7# 1-0


[Site "https://www.chess.com"]

[Event "Titled Tuesday Blitz May 10 Early 2022"]
[White "Goldin, Roman"]
[Black "Saldano Dayer, Horacio"]
[WhiteFideId "2803860"]
[BlackFideId "103411"]
[WhiteElo "2312"]
[BlackElo "2419"]
[Result "0-1"]
[Round "02"]
[TimeControl "180+1"]
[Date "2022.05.11"]
[WhiteClock "0:00:01"]
[BlackClock "0:00:14"]

1. Nf3 d5 2. b3 Bg4 3. e3 c6 4. Bb2 Nd7 5. c4 Ngf6 6. Be2 e6 7. O-O Bd6 8. d3 O-O 9. Nc3 Re8 10. Re1 a6 11. Rc1 e5 12. cxd5 cxd5 13. h3 Bh5 14. g4 Bg6 15. g5 d4 16. exd4 exd4 17. Nxd4 Nd5 18. Nxd5 Qxg5+ 19. Bg4 Qxd5 20. Bxd7 Qg5+ 21. Qg4 Rxe1+ 22. Rxe1 Qd2 23. Re2 Qxd3 24. Nf5 Bf8 25. Nh4 Qd1+ 26. Kg2 Bd3 27. Re3 Qf1+ 28. Kg3 Qg1+ 29. Ng2 Bf1 30. Kf3 Rd8 31. Nf4 Qh1+ 32. Kg3 h5 33. Qg5 Rxd7 34. Nxh5 Qg2+ 35. Kh4 Qxg5+ 36. Kxg5 Rd2 37. Bc3 Rxf2 38. Re8 f6+ 39. Kh4 Kf7 40. Rb8 g5+ 0-1


[Site "https://www.chess.com"]

[Event "Titled Tuesday Blitz May 10 Early 2022"]
[White "Goltsev, Dmitry"]
[Black "Sahil, Tickoo"]
[WhiteFideId "24176710"]
[BlackFideId "5019710"]
[WhiteElo "2258"]
[BlackElo "2099"]
[Result "0-1"]
[Round "02"]
[TimeControl "180+1"]
[Date "2022.05.11"]
[WhiteClock "0:00:21"]
[BlackClock "0:00:13"]

1. e4 c5 2. Nf3 d6 3. d4 cxd4 4. Nxd4 Nf6 5. Nc3 a6 6. Bg5 e6 7. Qd2 Be7 8. O-O-O h6 9. Bxf6 Bxf6 10. f4 Qc7 11. Nf3 Bxc3 12. bxc3 O-O 13. Qxd6 Qxc3 14. Qd4 Qa5 15. Bc4 Nc6 16. Qb2 b5 17. Bb3 Qb6 18. Rde1 a5 19. g4 a4 20. Bc4 Rb8 21. Bd3 b4 22. Rhg1 b3 23. cxb3 axb3 24. a3 Rd8 25. g5 h5 26. g6 f6 27. Qc3 Ba6 28. Bc4 Bxc4 29. Qxc4 Na5 30. Qe2 Rbc8+ 31. Kb1 Nc4 32. Rc1 Nxa3+ 33. Kb2 Rc2+ 34. Rxc2 bxc2+ 35. Ka2 Qb1+ 36. Kxa3 Ra8+ 37. Qa6 Rxa6# 0-1


[Site "https://www.chess.com"]

[Event "Titled Tuesday Blitz May 10 Early 2022"]
[White "Griffith, Kyron"]
[Black "Nilsen, Tobias Lang"]
[WhiteFideId "2046318"]
[BlackFideId "1521624"]
[WhiteElo "2232"]
[BlackElo "2014"]
[Result "1-0"]
[Round "02"]
[TimeControl "180+1"]
[Date "2022.05.11"]
[WhiteClock "0:00:04"]
[BlackClock "0:00:04"]

1. e4 d6 2. d4 Nf6 3. Nc3 Nbd7 4. Nf3 e5 5. Bc4 Be7 6. O-O O-O 7. a4 c6 8. a5 Qc7 9. Qd3 Rb8 10. Bb3 b5 11. axb6 axb6 12. Re1 b5 13. d5 Nc5 14. Qe3 b4 15. Ne2 Ncxe4 16. dxc6 Qxc6 17. Ng3 Nxg3 18. hxg3 Bd8 19. Qe2 Bb6 20. Be3 Bg4 21. Ra6 Qc7 22. Bxb6 Rxb6 23. Rxb6 Qxb6 24. Qe3 Qxe3 25. Rxe3 Rc8 26. Nd2 Bf5 27. Nc4 Ne8 28. Nb6 Rc5 29. Rf3 Be6 30. Bxe6 fxe6 31. Nd7 Nf6 32. Nxc5 dxc5 33. Re3 e4 34. c3 Kf7 35. cxb4 cxb4 36. Kf1 Ke7 37. Re1 Kd6 38. Ke2 Ke5 39. Rc1 Nd5 40. Rc8 h6 41. Rg8 Kf6 42. f3 exf3+ 43. gxf3 Kf7 44. Rb8 h5 45. Kd3 g5 46. Rh8 Kg6 47. Ke4 Nf6+ 48. Ke5 Nd7+ 49. Kxe6 Nc5+ 50. Kd5 Nd3 51. b3 Nc1 52. Kc4 Ne2 53. Kxb4 Nxg3 54. Kc5 h4 55. b4 Nh5 56. Ra8 h3 57. Ra2 Nf4 58. Rh2 g4 59. fxg4 Kg5 60. b5 Kxg4 61. b6 Ne6+ 62. Kd6 Nd8 63. Kc7 Ne6+ 64. Kd7 Nc5+ 65. Kc6 Na6 66. Ra2 Nb8+ 67. Kc7 1-0


[Site "https://www.chess.com"]

[Event "Titled Tuesday Blitz May 10 Early 2022"]
[White "Guliev, Logman"]
[Black "Polanco Nunez, Yoel Estarling"]
[WhiteFideId "13400061"]
[BlackFideId "6401783"]
[WhiteElo "2128"]
[BlackElo "2132"]
[Result "0-1"]
[Round "02"]
[TimeControl "180+1"]
[Date "2022.05.11"]
[WhiteClock "0:00:02"]
[BlackClock "0:00:06"]

1. e4 c5 2. Nf3 d6 3. d4 cxd4 4. Nxd4 Nf6 5. Nc3 a6 6. f4 Qc7 7. Nf3 Nc6 8. Bd3 g6 9. O-O Bg7 10. Kh1 O-O 11. Qe1 Bg4 12. Qh4 Bxf3 13. Rxf3 e6 14. Be3 Rae8 15. Raf1 Qd8 16. g4 d5 17. g5 d4 18. gxf6 Bxf6 19. Qg4 dxe3 20. Rxe3 Bd4 21. Rh3 f5 22. exf5 exf5 23. Bc4+ Kg7 24. Qf3 Re3 25. Qg2 Rxh3 26. Qxh3 Re8 27. Nd5 Na5 28. Qd3 Bf6 29. Rd1 Nxc4 30. Qxc4 Qd6 31. Qb3 Qc6 32. c4 b5 33. cxb5 axb5 34. Qf3 Bxb2 35. Qg2 Bf6 36. h3 Re4 37. Kh2 Rd4 38. Rxd4 Bxd4 39. h4 Qc4 40. Ne7 Qe6 41. Nc6 Be3 42. Qf3 Qe4 43. Qxe4 fxe4 44. Kg3 Kf6 45. Nb4 Bd2 46. Nd5+ Ke6 47. Nc7+ Kf5 48. Nxb5 Bxf4+ 49. Kf2 Kg4 50. Nc3 e3+ 51. Kg2 Kxh4 52. a4 Kg5 53. a5 Bb8 54. a6 Kf4 55. Ne2+ Ke4 56. Ng3+ Kd3 57. Kf3 h5 58. Ne2 h4 59. Nf4+ Kd2 0-1


[Site "https://www.chess.com"]

[Event "Titled Tuesday Blitz May 10 Early 2022"]
[White "Guz, Ari"]
[Black "Manukian, Artak"]
[WhiteFideId "2825759"]
[BlackFideId "13301373"]
[WhiteElo "1913"]
[BlackElo "2404"]
[Result "1-0"]
[Round "02"]
[TimeControl "180+1"]
[Date "2022.05.11"]
[WhiteClock "0:00:28"]
[BlackClock "0:00:10"]

1. e4 c6 2. Nf3 d5 3. Nc3 dxe4 4. Nxe4 Nf6 5. Qe2 Nxe4 6. Qxe4 Nd7 7. Bc4 Nf6 8. Ne5 e6 9. Qe2 Bd6 10. d4 O-O 11. Bg5 Be7 12. O-O-O Nd5 13. Bxe7 Qxe7 14. h4 b5 15. Nxc6 Qc7 16. Bxd5 exd5 17. Ne7+ Kh8 18. Nxd5 Qa5 19. a3 Bb7 20. Nb4 Qb6 21. Nd3 Qxd4 22. Qe5 Qxe5 23. Nxe5 Bxg2 24. Rhg1 Bh3 25. Rd5 a6 26. h5 Be6 27. Rd6 Rfd8 28. Rgd1 Rxd6 29. Rxd6 Kg8 30. b4 Kf8 31. Rb6 Ke7 32. Kb2 Kf6 33. Nd3 Kg5 34. Nc5 Kxh5 35. Nxa6 Bc4 36. Nc7 g5 37. Nxb5 Bxb5 38. Rxb5 Kg4 39. c4 h5 40. Rb7 h4 41. Rxf7 Rh8 42. Rd7 h3 43. Rd1 h2 44. Rh1 Kf3 45. c5 Kg2 46. Rxh2+ Kxh2 47. c6 Kg2 48. b5 Kxf2 49. b6 g4 50. c7 g3 51. b7 g2 52. b8=Q Rxb8+ 53. cxb8=Q g1=Q 54. Qa7+ Kf1 55. Qxg1+ Kxg1 56. a4 1-0


[Site "https://www.chess.com"]

[Event "Titled Tuesday Blitz May 10 Early 2022"]
[White "Hamley, Ryan"]
[Black "Melikhov, Evgeny V."]
[WhiteFideId "30959497"]
[BlackFideId "4122046"]
[WhiteElo "2524"]
[BlackElo "1931"]
[Result "1-0"]
[Round "02"]
[TimeControl "180+1"]
[Date "2022.05.11"]
[WhiteClock "0:00:13"]
[BlackClock "0:00:22"]

1. Nf3 f5 2. b3 Nf6 3. Bb2 d6 4. d4 g6 5. g3 Bg7 6. Bg2 O-O 7. O-O c6 8. Nbd2 Qe8 9. Re1 Qf7 10. c4 h6 11. h3 Na6 12. a3 Nc7 13. Rc1 Bd7 14. Qc2 Rae8 15. b4 a6 16. Qb1 g5 17. Qa1 Qh5 18. Nh2 f4 19. g4 Qf7 20. d5 e5 21. dxe6 Bxe6 22. c5 d5 23. Ndf3 Ne4 24. Ne5 Qf6 25. Nhf3 Qd8 26. Nd3 Bxb2 27. Qxb2 Qf6 28. Nde5 Qg7 29. e3 fxe3 30. Rxe3 Rf4 31. Qe2 Ref8 32. Nd3 R4f6 33. Nd4 Bd7 34. Bxe4 dxe4 35. Rxe4 Nd5 36. Ne5 Nf4 37. Qe3 Be6 38. Nef3 Bd5 39. Kh2 Bxe4 40. Qxe4 Nd5 41. Nf5 Qc7+ 42. Kh1 Qf4 43. Re1 Qxe4 44. Rxe4 Kh7 45. Kh2 Kg6 46. Ne5+ Kh7 47. Nd7 Rxf5 48. gxf5 Rxf5 49. Kg1 Rf7 50. Nb6 Re7 51. Nxd5 Rf7 52. Re7 Kg6 53. Rxf7 Kxf7 54. Ne3 Ke6 55. Kg2 Ke5 56. Kf3 Kd4 57. Nf5+ Kc3 58. Nxh6 Kb3 59. Nf7 Kxa3 60. Nxg5 Kxb4 61. h4 a5 62. h5 a4 63. h6 a3 64. h7 a2 65. h8=Q Kxc5 66. Ne4+ 1-0


[Site "https://www.chess.com"]

[Event "Titled Tuesday Blitz May 10 Early 2022"]
[White "Dronavalli, Harika"]
[Black "Hakobyan, Aram"]
[WhiteFideId "5015197"]
[BlackFideId "13306677"]
[WhiteElo "2382"]
[BlackElo "2557"]
[Result "1-0"]
[Round "02"]
[TimeControl "180+1"]
[Date "2022.05.10"]
[WhiteClock "0:00:21"]
[BlackClock "0:00:05"]

1. e4 c5 2. c3 e5 3. Nf3 Nc6 4. Bb5 Nf6 5. O-O Nxe4 6. Re1 Nd6 7. Nxe5 Be7 8. Bf1 O-O 9. d4 cxd4 10. cxd4 Nf5 11. d5 Nxe5 12. Rxe5 d6 13. Re1 Bf6 14. Nc3 Bd7 15. Ne4 Be5 16. Bd2 Qb6 17. Bc3 Bxc3 18. bxc3 Rfe8 19. Qf3 Re5 20. Rab1 Qc7 21. Nd2 Rae8 22. Rxe5 dxe5 23. Ne4 b6 24. g3 Nd6 25. Nxd6 Qxd6 26. Bd3 f5 27. Bc4 Rc8 28. Bb3 b5 29. Re1 a5 30. Qe3 e4 31. a4 bxa4 32. Ba2 Qa3 33. Qa7 Qd6 34. c4 h5 35. Rb1 Rc7 36. Qb8+ Bc8 37. c5 Qxc5 38. d6+ Rf7 39. d7 1-0


[Site "https://www.chess.com"]

[Event "Titled Tuesday Blitz May 10 Early 2022"]
[White "Heinemann, Josefine"]
[Black "Lashkin, Jegor"]
[WhiteFideId "12900460"]
[BlackFideId "13907808"]
[WhiteElo "2300"]
[BlackElo "2368"]
[Result "0-1"]
[Round "02"]
[TimeControl "180+1"]
[Date "2022.05.11"]
[WhiteClock "0:01:16"]
[BlackClock "0:02:33"]

1. Nf3 g6 2. g3 Bg7 3. d4 b6 4. Bg2 Bb7 5. O-O Nf6 6. c4 O-O 7. Nc3 Ne4 8. Re1 Nxc3 9. bxc3 Be4 10. Ba3 d6 11. c5 Nc6 12. cxd6 cxd6 13. e3 Na5 14. Nd2 Bxg2 15. Kxg2 Rc8 16. Rc1 d5 17. Qa4 Re8 18. Bb4 Nc6 19. Ba3 e5 20. dxe5 Nxe5 21. Qf4 Nd3 22. Qd6 Nxe1+ 23. Rxe1 Qxd6 24. Bxd6 Bxc3 25. Rd1 d4 26. exd4 Bxd4 27. Nf3 Bf6 28. Bb4 Rc2 0-1


[Site "https://www.chess.com"]

[Event "Titled Tuesday Blitz May 10 Early 2022"]
[White "Hoffmann, Asa"]
[Black "Panesar Vedant"]
[WhiteFideId "2001470"]
[BlackFideId "35033018"]
[WhiteElo "2117"]
[BlackElo "1975"]
[Result "0-1"]
[Round "02"]
[TimeControl "180+1"]
[Date "2022.05.11"]
[WhiteClock "0:00:01"]
[BlackClock "0:00:12"]

1. d4 Nf6 2. Bg5 e6 3. Nd2 h6 4. Bh4 d5 5. e3 c5 6. c3 Bd6 7. f4 cxd4 8. cxd4 Qb6 9. Rb1 Bd7 10. Ngf3 Bb5 11. Ne5 Nbd7 12. Kf2 Bb4 13. Kg1 Bxf1 14. Nxf1 O-O 15. h3 Nxe5 16. fxe5 Ne4 17. Ng3 Nxg3 18. Bxg3 Rac8 19. Kh2 Qa6 20. a3 Be7 21. Qd2 Rc4 22. Rbc1 Rfc8 23. Bf4 Qc6 24. Rxc4 Qxc4 25. Re1 b5 26. Re2 b4 27. axb4 Bxb4 28. Qd1 a5 29. Rf2 Kh8 30. Bxh6 gxh6 31. Qh5 Qd3 32. Rxf7 Bf8 33. Rf6 Qxe3 34. Qf7 Qxd4 35. Rxe6 Bg7 36. Qf5 Rf8 37. Qh5 Qf4+ 38. Kh1 Qf1+ 39. Kh2 Qf7 40. Qxf7 Rxf7 41. g4 Rf2+ 42. Kg3 Rxb2 43. Re8+ Kh7 44. e6 Kg6 45. e7 Kf7 46. Rg8 Be5+ 47. Kf3 Kxe7 48. Ra8 Rb3+ 49. Ke2 Bc3 50. Ra6 d4 0-1


[Site "https://www.chess.com"]

[Event "Titled Tuesday Blitz May 10 Early 2022"]
[White "Horak, Martin"]
[Black "Lauridsen, Jesper Morch"]
[WhiteFideId "367095"]
[BlackFideId "1401890"]
[WhiteElo "1997"]
[BlackElo "2219"]
[Result "1-0"]
[Round "02"]
[TimeControl "180+1"]
[Date "2022.05.11"]
[WhiteClock "0:00:29"]
[BlackClock "0:00:06"]

1. e4 c5 2. Nf3 d6 3. d4 cxd4 4. Nxd4 Nf6 5. Nc3 e6 6. f4 Nc6 7. Nb3 Be7 8. Bd3 O-O 9. O-O b6 10. Qf3 Bb7 11. Bd2 Nb4 12. Rae1 Nxd3 13. cxd3 Qc7 14. Rc1 Qd7 15. Qg3 b5 16. Na5 b4 17. Ne2 Rfc8 18. Bxb4 Qb5 19. a3 Bxe4 20. dxe4 Qxe2 21. Nc6 Bf8 22. Rfe1 Qb5 23. Na5 Rxc1 24. Rxc1 Nxe4 25. Qe3 Qb6 26. Qxb6 axb6 27. Nc4 Rc8 28. Rc2 d5 29. Ne3 Rxc2 30. Nxc2 Bxb4 31. Nxb4 g6 32. Kf1 Nd2+ 33. Ke2 Nc4 34. Nd3 f6 35. a4 e5 36. b3 Nd6 37. fxe5 fxe5 38. Nxe5 Nf5 39. Kd3 Kg7 40. b4 Kf6 41. Nc6 Ke6 42. Nd4+ Nxd4 43. Kxd4 Kd6 44. a5 bxa5 45. bxa5 Kc6 46. a6 Kb6 47. Kxd5 Kxa6 48. Ke6 Kb6 49. Kf6 Kc6 50. Kf7 Kd6 51. Kg7 Ke6 52. Kxh7 Kf6 53. Kh6 Kf5 54. h3 Kf6 55. g4 g5 56. Kh5 1-0


[Site "https://www.chess.com"]

[Event "Titled Tuesday Blitz May 10 Early 2022"]
[White "Horobetz, Graham"]
[Black "Azarov, Sergei"]
[WhiteFideId "2047322"]
[BlackFideId "13501470"]
[WhiteElo "2576"]
[BlackElo "2494"]
[Result "0-1"]
[Round "02"]
[TimeControl "180+1"]
[Date "2022.05.10"]
[WhiteClock "0:00:16"]
[BlackClock "0:00:49"]

1. e4 c5 2. Nc3 Nc6 3. f4 e6 4. Nf3 d5 5. Bb5 Ne7 6. d3 a6 7. Bxc6+ Nxc6 8. O-O Be7 9. Bd2 b5 10. Qe1 O-O 11. Kh1 Nd4 12. Qd1 dxe4 13. Nxe4 Bb7 14. Nxd4 cxd4 15. Qe2 Rc8 16. Rac1 Qd5 17. a3 Qa2 18. Bb4 Bxb4 19. axb4 Bxe4 20. Qxe4 Qxb2 21. Rb1 Qxc2 22. Qxd4 Rfd8 23. Qa7 Ra8 24. Qb7 Qxd3 25. h3 Qd5 26. Qb6 Rd6 27. Qc7 Rad8 28. Rbe1 g6 29. f5 exf5 30. Rf3 Qc6 31. Qa5 Rd1 32. Rff1 R8d2 0-1


[Site "https://www.chess.com"]

[Event "Titled Tuesday Blitz May 10 Early 2022"]
[White "Hua, Lefong"]
[Black "Babazada, Khazar"]
[WhiteFideId "2602253"]
[BlackFideId "13413554"]
[WhiteElo "2600"]
[BlackElo "2406"]
[Result "1/2-1/2"]
[Round "02"]
[TimeControl "180+1"]
[Date "2022.05.10"]
[WhiteClock "0:00:53"]
[BlackClock "0:00:25"]

1. d4 Nf6 2. c4 g6 3. Nc3 Bg7 4. e4 O-O 5. f4 d6 6. Nf3 c5 7. d5 e6 8. Be2 exd5 9. cxd5 b5 10. e5 dxe5 11. fxe5 Ng4 12. Bg5 Qb6 13. O-O c4+ 14. Kh1 Nd7 15. d6 Bb7 16. a4 b4 17. Nd5 Qc5 18. Nc7 Rab8 19. e6 Bxf3 20. Bxf3 Qxg5 21. Bxg4 Ne5 22. exf7+ Kh8 23. Be6 Rbd8 24. d7 c3 25. bxc3 bxc3 26. Rc1 Nxd7 27. Bxd7 Qe7 28. Ne6 Rxd7 29. Qxd7 Qxd7 30. Nxf8 Bxf8 31. Rxc3 Kg7 32. Rc4 a5 33. h4 h5 34. Rcf4 Qd6 35. R1f3 Qd2 36. Rf2 Qe1+ 37. Rf1 Qe5 38. g3 Qd5+ 39. Kh2 Qe6 40. Kg2 Qc6+ 41. R1f3 Qc1 42. Rf1 Qc7 43. R1f3 Kh6 44. Rf1 Qc6+ 45. R1f3 Qd5 46. Kh2 Kg7 47. Rf1 1/2-1/2


[Site "https://www.chess.com"]

[Event "Titled Tuesday Blitz May 10 Early 2022"]
[White "Ianov, Viktor"]
[Black "De Souza, Cristiano Gomes"]
[WhiteFideId "14102730"]
[BlackFideId "2151758"]
[WhiteElo "2152"]
[BlackElo "2068"]
[Result "1-0"]
[Round "02"]
[TimeControl "180+1"]
[Date "2022.05.11"]
[WhiteClock "0:01:41"]
[BlackClock "0:01:13"]

1. Nf3 Nf6 2. g3 g6 3. b3 Bg7 4. Bb2 O-O 5. Bg2 d5 6. c4 dxc4 7. bxc4 c6 8. O-O Nbd7 9. d3 Nc5 10. Nbd2 a5 11. Rb1 a4 12. Ba3 Ne6 13. Qc2 Re8 14. Rfd1 Nd4 15. Nxd4 Qxd4 16. Nf3 Qa7 17. Bb2 Nh5 18. Bxg7 Nxg7 19. d4 Rd8 20. e3 Bf5 21. e4 Bg4 22. c5 Ne6 23. Rb4 Qa5 24. a3 Rd7 25. h3 Bxf3 26. Bxf3 Rad8 27. Rxa4 Qc7 28. Qc3 Ng5 29. Bg2 e5 30. d5 cxd5 31. exd5 Ne6 32. Rc4 Nd4 33. Kh2 f6 34. d6 Qc8 35. Rb1 Kg7 36. Rcb4 Rxd6 37. Rxb7+ R6d7 38. c6 Rc7 39. Rxc7+ Qxc7 40. Rb7 Rc8 41. Rxc7+ Rxc7 42. Qc5 Ne6 43. Qd6 Kf7 44. Bd5 Re7 45. c7 1-0


[Site "https://www.chess.com"]

[Event "Titled Tuesday Blitz May 10 Early 2022"]
[White "Itkis, Boris"]
[Black "Taboas Rodriguez, Daniel"]
[WhiteFideId "1209167"]
[BlackFideId "2208466"]
[WhiteElo "2207"]
[BlackElo "2429"]
[Result "0-1"]
[Round "02"]
[TimeControl "180+1"]
[Date "2022.05.11"]
[WhiteClock "0:00:35"]
[BlackClock "0:01:35"]

1. Nf3 Nf6 2. b3 b6 3. Bb2 Bb7 4. e3 g6 5. d4 Bg7 6. Nbd2 O-O 7. c4 Ne4 8. Nxe4 Bxe4 9. Bd3 Bxd3 10. Qxd3 c5 11. O-O Nc6 12. Rab1 cxd4 13. Nxd4 Rc8 14. Nxc6 Rxc6 15. Bxg7 Kxg7 16. Rfd1 d6 17. Qd5 Qc7 18. h3 Rc5 19. Qd4+ Kg8 20. Qe4 Rc8 21. Rd5 Rxd5 22. Qxd5 Qc5 23. Qxc5 Rxc5 24. Kf1 f5 25. Ke2 Kf7 26. Kd3 Kf6 27. e4 h5 28. exf5 gxf5 29. g3 e5 30. b4 Rc8 31. a4 h4 32. a5 hxg3 33. fxg3 Rh8 34. axb6 axb6 35. Rh1 Rg8 36. g4 fxg4 37. hxg4 Rxg4 38. Rh6+ Rg6 39. Rh8 Rg3+ 40. Ke4 Rg4+ 41. Kd3 Kf5 42. Rd8 Rd4+ 43. Kc3 Ke4 44. Rb8 Ke3 45. Rxb6 e4 46. c5 d5 47. c6 Rc4+ 48. Kb3 Kd3 49. b5 e3 50. Rb8 d4 51. Re8 e2 52. c7 Rxc7 53. Kb4 Kd2 54. b6 Rc1 55. b7 e1=Q 56. Rxe1 Rxe1 57. b8=Q Rb1+ 58. Kc4 Rxb8 59. Kxd4 Rb4+ 0-1


[Site "https://www.chess.com"]

[Event "Titled Tuesday Blitz May 10 Early 2022"]
[White "Ivanisevic, Ivan"]
[Black "Bach, Ngoc Thuy Duong"]
[WhiteFideId "912417"]
[BlackFideId "12408956"]
[WhiteElo "2495"]
[BlackElo "1862"]
[Result "1-0"]
[Round "02"]
[TimeControl "180+1"]
[Date "2022.05.11"]
[WhiteClock "0:01:25"]
[BlackClock "0:00:33"]

1. d4 d5 2. Nf3 Nf6 3. Bf4 c5 4. e3 Nc6 5. Nbd2 cxd4 6. exd4 Bg4 7. Bb5 e6 8. c4 Bb4 9. Qa4 Bxd2+ 10. Nxd2 O-O 11. Bxc6 bxc6 12. c5 Qc8 13. f3 Bf5 14. Nb3 Re8 15. O-O Nd7 16. Bd6 Bd3 17. Rfe1 f6 18. Na5 Bb5 19. Qd1 e5 20. a4 Ba6 21. b4 exd4 22. Qxd4 Nf8 23. Rab1 Qd7 24. b5 cxb5 25. Qxd5+ Kh8 26. c6 Rxe1+ 27. Rxe1 Qd8 28. c7 Qc8 29. axb5 1-0


[Site "https://www.chess.com"]

[Event "Titled Tuesday Blitz May 10 Early 2022"]
[White "Jaracz, Pawel"]
[Black "Sadhwani, Raunak"]
[WhiteFideId "1102222"]
[BlackFideId "35093487"]
[WhiteElo "2429"]
[BlackElo "2616"]
[Result "0-1"]
[Round "02"]
[TimeControl "180+1"]
[Date "2022.05.10"]
[WhiteClock "0:00:01"]
[BlackClock "0:00:08"]

1. e4 e5 2. Nf3 Nc6 3. Bb5 Nge7 4. O-O Ng6 5. Nc3 a6 6. Ba4 Bc5 7. Nd5 Ba7 8. c3 O-O 9. Bc2 d6 10. h3 f5 11. d3 f4 12. d4 Kh8 13. b3 Nh4 14. Kh2 Nxf3+ 15. Qxf3 exd4 16. Bxf4 dxc3 17. Qxc3 Bd4 18. Qd2 Bxa1 19. Rxa1 Be6 20. Bg5 Qd7 21. Nf4 Rae8 22. Re1 Qf7 23. Nxe6 Rxe6 24. Be3 Rf6 25. Rf1 h6 26. f4 Qe7 27. Qd1 Re6 28. Qf3 Re8 29. e5 dxe5 30. Qe4 g6 31. f5 gxf5 32. Rxf5 Nd4 33. Bxd4 exd4 34. Qxd4+ Re5 35. Rf3 Qg7 36. Rf2 Re3 0-1


[Site "https://www.chess.com"]

[Event "Titled Tuesday Blitz May 10 Early 2022"]
[White "Jian, Alex"]
[Black "Golizadeh, Asghar"]
[WhiteFideId "30901022"]
[BlackFideId "12505269"]
[WhiteElo "2111"]
[BlackElo "2403"]
[Result "1/2-1/2"]
[Round "02"]
[TimeControl "180+1"]
[Date "2022.05.11"]
[WhiteClock "0:00:04"]
[BlackClock "0:00:17"]

1. d4 Nf6 2. c4 e6 3. Nc3 Bb4 4. Qc2 b6 5. e4 c5 6. d5 Qe7 7. Ne2 exd5 8. exd5 O-O 9. Bd2 d6 10. O-O-O Re8 11. a3 Ba5 12. Ng3 Nbd7 13. Be2 Ba6 14. Rhe1 Qf8 15. f4 Rab8 16. Bd3 Bxc3 17. Bxc3 Rxe1 18. Rxe1 b5 19. cxb5 Bxb5 20. Bxb5 Rxb5 21. Nf5 Rb8 22. g4 Re8 23. Rxe8 Nxe8 24. Qe2 Ndf6 25. Ne7+ Kh8 26. g5 Ng8 27. Nf5 f6 28. Qe6 a6 29. h4 h5 30. gxh6 Nxh6 31. Ne7 Kh7 32. Qe4+ f5 33. Qe6 Nf6 34. Nxf5 Nfg4 35. Nxh6 Qxf4+ 36. Kb1 Qf1+ 37. Ka2 Nxh6 38. Qxd6 Qc4+ 39. Kb1 Qd3+ 40. Ka2 Nf5 41. Qd7 Qc4+ 42. Kb1 Qe4+ 43. Ka2 Kh6 44. Qc6+ g6 45. Ka1 Ne3 46. Qf6 Nc2+ 47. Ka2 Qxd5+ 48. Kb1 Qd1+ 49. Ka2 Qd5+ 50. Kb1 Qd1+ 51. Ka2 Qd5+ 1/2-1/2


[Site "https://www.chess.com"]

[Event "Titled Tuesday Blitz May 10 Early 2022"]
[White "Jumabayev, Rinat"]
[Black "Kruckenhauser, Arthur"]
[WhiteFideId "13702661"]
[BlackFideId "1642812"]
[WhiteElo "2561"]
[BlackElo "2243"]
[Result "1/2-1/2"]
[Round "02"]
[TimeControl "180+1"]
[Date "2022.05.10"]
[WhiteClock "0:00:17"]
[BlackClock "0:00:16"]

1. d4 Nf6 2. Nf3 d5 3. Bf4 c5 4. e3 Nc6 5. Nbd2 Nh5 6. Be5 e6 7. c4 cxd4 8. exd4 Nf6 9. c5 Nxe5 10. Nxe5 Be7 11. Bb5+ Nd7 12. Qa4 f6 13. Nxd7 Bxd7 14. O-O a6 15. Bxd7+ Qxd7 16. Qb3 Kf7 17. f4 Rab8 18. Rac1 Rhc8 19. Qh3 b6 20. c6 Rxc6 21. Qxh7 Rxc1 22. Rxc1 Rc8 23. Re1 Bb4 24. Re2 Bxd2 25. Rxd2 Rc1+ 26. Kf2 Qb5 27. Re2 Qc4 28. Qh5+ Ke7 29. Qg4 Qxd4+ 30. Kg3 Qd3+ 31. Kf2 Qd4+ 32. Kg3 Qd3+ 33. Kf2 Qd4+ 1/2-1/2


[Site "https://www.chess.com"]

[Event "Titled Tuesday Blitz May 10 Early 2022"]
[White "Kaasen, Tor Fredrik"]
[Black "Derraugh, Geordie"]
[WhiteFideId "1516647"]
[BlackFideId "2603950"]
[WhiteElo "2335"]
[BlackElo "2116"]
[Result "1/2-1/2"]
[Round "02"]
[TimeControl "180+1"]
[Date "2022.05.11"]
[WhiteClock "0:00:08"]
[BlackClock "0:00:04"]

1. e4 c5 2. Nf3 d6 3. d4 cxd4 4. Bb5+ Bd7 5. Nxd4 Nc6 6. c4 a6 7. Nxc6 bxc6 8. Ba4 e5 9. O-O Nf6 10. Nc3 Qc7 11. c5 dxc5 12. Be3 c4 13. f3 Bb4 14. Rc1 O-O 15. a3 Ba5 16. Bc5 Bb6 17. Bf2 Rfd8 18. Qe2 Bxf2+ 19. Rxf2 Be6 20. Bc2 Rab8 21. Bb1 Nd7 22. Ba2 Nc5 23. Bxc4 Bxc4 24. Qxc4 Nd3 25. Nd5 Rxd5 26. exd5 Nxf2 27. Kxf2 Rxb2+ 28. Kf1 Qb6 29. Qc5 Qb3 30. Qc3 Qb5+ 31. Qc4 Rb1 32. Kf2 Rxc1 33. Qxc1 Qxd5 34. Qb1 g6 35. Kg3 Kg7 36. h4 h5 37. Qb8 Qd4 38. Kh3 Qf4 39. Qd6 Qf5+ 40. Kh2 Qe6 41. Qc5 Qd5 42. Qa7 Qb5 43. Qc7 Kf6 44. Qd6+ Kg7 45. Qc7 Qd5 46. Kh3 e4 47. fxe4 Qxe4 48. Kh2 Qd5 49. Qa7 a5 50. Qe3 Kf6 51. Qf4+ Kg7 52. Qe3 f6 53. Qe7+ Qf7 54. Qd6 Qd5 55. Qe7+ Qf7 56. Qd6 Qd5 57. Qe7+ 1/2-1/2


[Site "https://www.chess.com"]

[Event "Titled Tuesday Blitz May 10 Early 2022"]
[White "Kadric, Denis"]
[Black "Estrada Nieto, Julian"]
[WhiteFideId "14403803"]
[BlackFideId "5101018"]
[WhiteElo "2657"]
[BlackElo "2252"]
[Result "1-0"]
[Round "02"]
[TimeControl "180+1"]
[Date "2022.05.11"]
[WhiteClock "0:00:33"]
[BlackClock "0:00:12"]

1. e4 e5 2. Nf3 Nc6 3. Nc3 Nf6 4. Bb5 Bb4 5. d3 d6 6. O-O Bxc3 7. bxc3 O-O 8. Bg5 h6 9. Bh4 Qe7 10. Re1 Nd8 11. d4 Ne6 12. dxe5 dxe5 13. Nxe5 Qc5 14. Bxf6 Qxb5 15. Ng4 gxf6 16. e5 Nf4 17. Nxf6+ Kg7 18. Qf3 Ng6 19. Nh5+ Kh7 20. Qf6 Rg8 21. Qxf7+ Kh8 22. Rab1 Qe8 23. Qf6+ Kh7 24. e6 Qe7 25. Qxe7+ Nxe7 26. Nf6+ Kg7 27. Nxg8 Kxg8 28. Rbd1 Kg7 29. Rd8 b6 30. g4 Ba6 31. Rxa8 Bc4 32. Rxa7 Kf6 33. Rxc7 Bxe6 34. Rxe7 Kxe7 35. f4 1-0


[Site "https://www.chess.com"]